 Dungeon Crawl Stone Soup version 0.32-a0-306-gfed3edf829 (webtiles) character file.

Game seed: 15077067584398019055

2071 pokeman the Thaumaturge (level 9, -2/48 HPs)
             Began as a Deep Elf Hedge Wizard on Feb 14, 2024.
             Slain by an orc priest
             ... wielding a +0 war axe
              (8 damage)
             ... on level 6 of the Dungeon.
             The game lasted 00:13:27 (6466 turns).

pokeman the Thaumaturge (Deep Elf Hedge Wizard)     Turns: 6466, Time: 00:13:28

Health: -2/48      AC:  3    Str:  4    XL:     9   Next: 5%
Magic:  14/26      EV: 13    Int: 27    God:
Gold:   541        SH:  0    Dex: 14    Spells: 23/31 levels left

rFire   + . .        t - +1 quarterstaff of Meahu {flame, Fly Str-3 Int+3 Stlth+}
rCold   . . .        (shield currently unavailable)
rNeg    . . .        b - +0 robe
rPois   .            c - +0 hat
rElec   .            (no cloak)
rCorr   .            (no gloves)
SInv    .            n - +0 pair of boots
Will    .....        (no amulet)
Stlth   +++          m - ring of protection from fire
HPRegen 0.28/turn    (no ring)
MPRegen 0.20/turn

%: no passive effects
@: flying
A: no striking features
a: no special abilities


You were on level 6 of the Dungeon.
You visited 1 branch of the dungeon, and saw 6 of its levels.

You collected 637 gold pieces.
You spent 96 gold pieces at shops.

Inventory:

Hand Weapons
 t - the +1 quarterstaff of Meahu (weapon) {flame, Fly Str-3 Int+3 Stlth+}
   (You found it on level 4 of the Dungeon)

   Str-3:     It affects your strength (-3).
   Int+3:     It affects your intelligence (+3).
   Fly:       It grants you flight.
   Stlth+:    It makes you more stealthy.
Missiles
 w - 3 throwing nets
 z - a curare-tipped dart
Armour
 b - a +0 robe (worn)
 c - a +0 hat (worn)
 n - a +0 pair of boots (worn)
 v - a +0 buckler
Jewellery
 m - a ring of protection from fire (left hand)
 r - a ring of ice
Wands
 a - a wand of polymorph (2)
 y - a wand of digging (5)
 A - a wand of flame (27)
Scrolls
 e - 2 scrolls of enchant armour {unknown}
 g - a scroll of brand weapon {unknown}
 h - a scroll of immolation {unknown}
 i - 2 scrolls of poison {unknown}
 j - 7 scrolls of identify
 k - 5 scrolls of teleportation
 o - a scroll of revelation {unknown}
 p - a scroll of fog {unknown}
 s - a scroll of torment {unknown}
 u - 3 scrolls of noise {unknown}
Potions
 d - a potion of magic
 f - 2 potions of might {unknown}
 l - a potion of lignification {unknown}
 q - a potion of invisibility {unknown}
 x - 2 potions of heal wounds {unknown}
 B - a potion of enlightenment {unknown}
 C - a potion of degeneration {unknown}
 D - a potion of brilliance {unknown}


   Skills:
 - Level 2.1 Fighting
 - Level 2.1 Armour
 - Level 3.0 Dodging
 - Level 3.0 Stealth
 + Level 2.8 Shields
 * Level 11.5 Spellcasting
 + Level 6.2 Conjurations
 - Level 1.1 Summonings
 - Level 1.1 Translocations
 - Level 1.0 Air Magic
 - Level 1.1 Alchemy
 - Level 1.3 Evocations


You had 23 spell levels left.
You knew the following spells:

 Your Spells              Type           Power      Damage    Failure   Level
a - Magic Dart            Conj           100%       1d8       1%          1
b - Mephitic Cloud        Conj/Alch/Air  30%        N/A       3%          3
c - Call Imp              Summ           42%        N/A       3%          2
d - Blink                 Tloc           42%        N/A       3%          2

Your spell library contained the following spells:

 Spells                   Type           Power      Damage    Failure   Level
 Sting                    Conj/Alch      100%       1d9       1%          1
 Momentum Strike          Conj/Tloc      70%        3d9       1%          2
 Apportation              Tloc           42%        N/A       2%          1
 Summon Small Mammal      Summ           84%        N/A       2%          1
 Necrotise                Necr           60%        1d7       3%          1
 Slow                     Hex            60%        N/A       3%          1
 Lesser Beckoning         Tloc           42%        N/A       3%          2
 Cigotuvi's Dreadful Rot  Necr/Alch/Air  38%        N/A       4%          2
 Ensorcelled Hibernation  Hex/Ice        30%        N/A       5%          2
 Sublimation of Blood     Necr           15%        N/A       5%          2
 Fugue of the Fallen      Necr           15%        N/A       11%         3
 Anguish                  Hex/Necr       7%         N/A       36%         4
 Summon Hydra             Summ           10%        N/A       100%        7


Dungeon Overview and Level Annotations

Branches:
Dungeon (6/15)             Temple (0/1) D:4

Altars:
Cheibriados
Dithmenos
Fedhas
Gozag
Makhleb
Nemelex Xobeh
Qazlal
Ru
Sif Muna
Uskayaw
Wu Jian
Xom
Yredelemnul
The Shining One

Shops:
D:4 ?


Message History

The orc attacks as it pursues you! The orc barely misses you.
You closely miss the orc. The orc misses you. The orc barely misses you.
You hit the orc. You burn the orc.
The orc is almost dead.
The orc misses you.
You hit the orc. You burn the orc.
You kill the orc!
Casting: Mephitic Cloud (dangerous; 3% risk of failure)
Confirm with . or Enter, or press ? or * to list all spells.
Aiming: Mephitic Cloud (dangerous; 3% risk of failure)
Press: ? - help, Shift-Dir - straight line, f - orc priest
Aim: an orc priest, wielding a +0 war axe (chance to affect: 86%)
The ball explodes into a vile cloud!
The stinking cloud engulfs the orc priest.
The orc priest is engulfed in noxious fumes.
The orc priest appears confused.
Unknown command.
The orc priest is engulfed in noxious fumes.
The orc priest appears confused.
The orc priest hits you with a +0 war axe!
* * * LOW HITPOINT WARNING * * *
You hit the orc priest. You burn the orc priest.
The orc priest is heavily wounded.
Casting: Mephitic Cloud (dangerous; 3% risk of failure)
Confirm with . or Enter, or press ? or * to list all spells.
Aiming: Magic Dart (safe; 1% risk of failure)
Press: ? - help, Shift-Dir - straight line, f/p - orc priest
Aim: an orc priest, wielding a +0 war axe (heavily wounded, confused, 100% to hit)
The magic dart hits the orc priest.
The orc priest is severely wounded.
Unknown command.
Casting: Magic Dart (safe; 1% risk of failure)
Confirm with . or Enter, or press ? or * to list all spells.
Aiming: Magic Dart (safe; 1% risk of failure)
Press: ? - help, Shift-Dir - straight line, f/p - orc priest
Aim: an orc priest, wielding a +0 war axe (severely wounded, confused, 100% to hit)
The magic dart hits the orc priest.
The orc priest is severely wounded.
The orc priest hits you with a +0 war axe!
You die...

.........#..#.###............##.
..........>..................#
........#####................#
................#...[........#
....#####.............#..#####
....# #..........##..#.# #...#
#..........# #.....
#..######...)......# ##...
...#...####.....@..##..
............###§☼o......
.........######☼###...##
.........# ##..§# ....#
.........# #).### ##..
..........o...)...... .
...#......#######...# ##........
## ....########


You could see an orc priest (confused).

Vanquished Creatures
  Edmund (D:5)
  2 orc warriors (D:6)
  An ice beast (D:6)
  4 ogres
  A phantom (D:4)
  2 centaurs
  A kobold brigand (D:5)
  A gnoll sergeant (D:5)
  A scorpion (D:6)
  A howler monkey (D:5)
  A jelly (D:5)
  2 gnoll boudas
  An orc priest (D:4)
  6 hounds
  3 iguanas (D:6)
  3 orc wizards
  14 gnolls
  9 adders
  5 dart slugs
  A ribbon worm (D:4)
  16 orcs
  12 endoplasms
  2 giant cockroaches
  10 goblins
  8 hobgoblins
  9 jackals
  9 kobolds
  5 quokkas
  3 ball pythons
  A bat (D:1)
  6 frilled lizards
  4 rats
145 creatures vanquished.

Notes
Turn   | Place    | Note
-------+----------+-------------------------------------------
     0 | D:1      | pokeman the Deep Elf Hedge Wizard began the quest for the
                  | Orb.
     0 | D:1      | Reached XP level 1. HP: 10/10 MP: 7/7
   204 | D:1      | Reached XP level 2. HP: 16/16 MP: 5/9
   570 | D:1      | Reached skill level 5 in Spellcasting
   733 | D:1      | Reached XP level 3. HP: 20/20 MP: 9/11
   737 | D:1      | Learned a level 3 spell: Mephitic Cloud
   740 | D:1      | Learned a level 2 spell: Call Imp
   743 | D:1      | Learned a level 2 spell: Blink
  1054 | D:2      | Reached skill level 1 in Fighting
  1054 | D:2      | Reached skill level 1 in Armour
  1129 | D:2      | Found a snail-covered altar of Cheibriados.
  1622 | D:2      | Reached XP level 4. HP: 25/25 MP: 9/13
  2455 | D:3      | Found a hide-covered altar of Uskayaw.
  2960 | D:4      | Reached skill level 6 in Spellcasting
  2960 | D:4      | Reached XP level 5. HP: 23/29 MP: 6/15
  3148 | D:4      | Found a stormy altar of Qazlal.
  3164 | D:4      | Noticed a centaur
  3194 | D:4      | Reached skill level 1 in Air Magic
  3194 | D:4      | Reached skill level 1 in Alchemy
  3212 | D:4      | Found a shimmering altar of Xom.
  3212 | D:4      | Found a sacrificial altar of Ru.
  3218 | D:4      | Killed a centaur
  3219 | D:4      | Reached XP level 6. HP: 19/34 MP: 1/17
  3347 | D:4      | Found a sparkling altar of Nemelex Xobeh.
  3372 | D:4      | Identified the +1 quarterstaff of Meahu {flame, Fly Str-3
                  | Int+3 Stlth+}
  3556 | D:4      | Found Sot Vejy's Magic Scroll Shop.
  3564 | D:4      | Bought a scroll of identify for 24 gold pieces
  3564 | D:4      | Bought a scroll of teleportation for 36 gold pieces
  3564 | D:4      | Bought a scroll of teleportation for 36 gold pieces
  3724 | D:4      | Found a staircase to the Ecumenical Temple.
  3762 | D:4      | Reached skill level 7 in Spellcasting
  4002 | D:4      | Reached skill level 1 in Evocations
  4134 | D:4      | Reached XP level 7. HP: 40/40 MP: 8/20
  4275 | D:4      | Reached skill level 8 in Spellcasting
  4510 | D:5      | Entered Level 5 of the Dungeon
  4902 | D:5      | Reached skill level 9 in Spellcasting
  5252 | D:5      | Reached XP level 8. HP: 43/44 MP: 19/23
  5340 | D:5      | Noticed Edmund
  5365 | D:5      | Killed Edmund
  5366 | D:5      | Reached skill level 5 in Conjurations
  5371 | D:5      | Reached skill level 1 in Shields
  5378 | D:5      | Reached skill level 10 in Spellcasting
  5964 | D:6      | Reached skill level 11 in Spellcasting
  6106 | D:6      | Found an opulent altar of Gozag.
  6113 | D:6      | Found a snail-covered altar of Cheibriados.
  6114 | D:6      | Found a glowing golden altar of the Shining One.
  6115 | D:6      | Found a burning altar of Makhleb.
  6115 | D:6      | Found a blossoming altar of Fedhas.
  6115 | D:6      | Found a shadowy altar of Dithmenos.
  6115 | D:6      | Found a basalt altar of Yredelemnul.
  6116 | D:6      | Found an ornate altar of the Wu Jian Council.
  6117 | D:6      | Found a shimmering blue altar of Sif Muna.
  6304 | D:6      | Reached XP level 9. HP: 42/48 MP: 20/26
  6466 | D:6      | Slain by an orc priest

Illustrated notes

Levels and vault maps discovered:
D:1:      dpeg_arrival_stonehenge_8_columns, layout_loops_ring
D:2:      layout_loops_ring, basic_altar, roderic_serpentine_path,
          nicolae_the_louvre
D:3:      layout_loops_ring, nicolae_uskayaw_murder_on_the_dancefloor
D:4:      minmay_polygon_palace, layout_layer_cave, grunt_temple_overflow_open,
          minmay_temple_entry_offerings, serial_shops, shop,
          nicolae_twisty_statue_hallways
D:5:      layout_loops_ring, hangedman_abyss_or_decor_stabs, uniq_edmund
D:6:      layout_rooms, minitemple, dreamdust_wishing_well, kennysheep_donut

Skill      XL: |  1  2  3  4  5  6  7  8 |
---------------+-------------------------+-----
Spellcasting   | 5 6 7 9 11 | 11.5
Fighting       | 1 2 |  2.1
Armour         | 1 2 |  2.1
Conjurations   | 2 3 4 6 |  6.2
Stealth        | 3 |  3.0
Dodging        | 3 |  3.0
Air Magic      | 1 |  1.0
Alchemy        | 1 |  1.1
Evocations     | 1 |  1.3
Shields        | 2 |  2.8
Summonings     | |  1.1
Translocations | |  1.1

Action                     |  1- 3 |  4- 6 |  7- 9 || total
---------------------------+-------+-------+-------++-------
  Melee: Dagger            |     3 |    35 |       ||    38
         Quarterstaff      |       |    36 |    91 ||   127
   Cast: Magic Dart        |    68 |   110 |   124 ||   302
         Mephitic Cloud    |       |     7 |    21 ||    28
         Call Imp          |       |       |     4 ||     4
         Blink             |       |       |     1 ||     1
   Stab: Confused          |       |     7 |     9 ||    16
 Armour: Robe              |     2 |    48 |    52 ||   102
  Dodge: Dodged            |     7 |    56 |    42 ||   105

Table legend: (Time is in decaauts)
 A = Elapsed time spent in this place.
 B = Non-inter-level travel time spent in this place.
 C = Inter-level travel time spent in this place.
 D = Time resting spent in this place.
 E = Time spent auto-exploring this place.
 F = Levels seen in this place.
 G = Mean time per level.
                   A        B        C        D        E       F      G
               +--------+--------+--------+--------+--------+-----+--------+
         Total |   6501 |   6368 |    133 |    214 |   5262 |   6 | 1083.5 |
       Dungeon |   6501 |   6368 |    133 |    214 |   5262 |   6 | 1083.5 |
               +--------+--------+--------+--------+--------+-----+--------+

Top non-repeatable levels by time:
     D:4: 1594 daAuts
     D:5: 1140 daAuts
     D:1: 1048 daAuts
     D:2: 979 daAuts
     D:3: 896 daAuts
     D:6: 842 daAuts
